Map: Nightshade LE

Players

ViBE - Winner!

  • Race: Terran Terran
  • League: Silver
  • Spawn Location: 11:00

Cnidaria

  • Race: Protoss Protoss
  • League: Silver
  • Spawn Location: 5:00

VOD

https://www.youtube.com/watch?v=kuS_PgtyAP8&list=PLFeZeom2b4DmHduNHeFj-6PfoasuSQn3P&index=2

Description

Time

  • Played on: Dec. 5, 2019, 8:16 p.m.
  • Length: 17:48
Show
View Real Time Build Order
Export as new Build Order

ViBE Terran - Winner!

Build Orders: 2 Factory, Mech 

Get SALT Encoding   

  12  0:01  SCV  
  13  0:13  SCV  
  14  0:18  Supply Depot  
  14  0:25  SCV  
  15  0:40  Barracks, SCV  
  16  0:45  Refinery  
  16  0:55  SCV  
  17  1:07  SCV  
  18  1:19  SCV  
  19  1:31  Orbital Command  
  19  1:39  Command Center  
  19  1:54  Factory  
  19  1:57  SCV  
  19  1:58  Refinery  
  20  2:08  Supply Depot  
  20  2:09  SCV  
  21  2:21  SCV  
  22  2:34  SCV  
  23  2:37  Factory Tech Lab  
  23  2:39  Factory  
  23  2:46  SCV  
  24  2:51  Orbital Command  
  24  2:57  Siege Tank  
  24  2:58  SCV  
  28  3:10  SCV  
  29  3:17  SCV  
  30  3:22  SCV  
  30  3:24  Factory Reactor  
  31  3:29  SCV  
  31  3:34  SCV  
  32  3:41  SCV  
  32  3:43  Siege Tank  
  32  3:46  SCV  
  37  3:52  Command Center  
  37  3:53  SCV  
  38  3:58  SCV  
  38  4:02  Supply Depot  
  39  4:04  Hellion x2  
  39  4:05  SCV  
  44  4:10  SCV, Supply Depot  
  44  4:13  Supply Depot  
  45  4:17  SCV  
  50  4:24  SCV, Siege Tank  
  50  4:26  Armory  
  50  4:27  Hellion x2  
  54  4:32  SCV  
  54  4:35  Supply Depot  
  54  4:36  SCV  
  56  4:44  SCV  
  57  4:48  SCV  
  58  4:56  SCV  
  58  4:59  Siege Tank  
  66  5:00  SCV, Hellion x2  
  66  5:04  Refinery  
  66  5:05  Refinery  
  67  5:07  Supply Depot  
  67  5:08  SCV  
  67  5:09  Supply Depot  
  67  5:12  SCV  
  69  5:18  Command Center  
  69  5:20  SCV  
  70  5:24  SCV  
  71  5:29  Terran Vehicle Weapons Level 1  
  72  5:35  SCV  
  72  5:36  Thor, SCV  
  72  5:37  Hellion  
  72  5:40  Hellion  
  83  5:47  SCV  
  85  5:52  Engineering Bay  
  85  5:53  Orbital Command  
  85  5:56  SCV  
  85  5:59  SCV  
  85  6:02  Hellion x2  
  90  6:08  SCV  
  91  6:11  Armory  
  91  6:12  SCV  
  92  6:20  Factory  
  92  6:21  Orbital Command, Factory  
  92  6:24  Thor  
  92  6:25  Hellion  
  100  6:26  Hellion  
  102  6:36  SCV x2  
  104  6:40  Command Center  
  102  6:48  SCV x2  
  102  6:50  SCV  
  105  6:57  Missile Turret  
  105  7:00  Missile Turret, SCV  
  106  7:04  SCV x2  
  106  7:06  Missile Turret  
  106  7:07  Thor  
  106  7:08  Factory Tech Lab  
  114  7:09  Factory Reactor  
  114  7:10  Hellion  
  114  7:12  SCV  
  114  7:13  Hellion  
  119  7:16  Supply Depot  
  119  7:21  Supply Depot  
  119  7:22  Supply Depot  
  119  7:23  SCV x3  
  119  7:27  Supply Depot  
  119  7:28  SCV  
  123  7:30  Supply Depot  
  123  7:31  Refinery  
  123  7:34  Refinery  
  123  7:35  SCV, Planetary Fortress  
  124  7:37  Missile Turret  
  124  7:38  SCV  
  124  7:41  Terran Vehicle Weapons Level 2  
  124  7:42  Terran Vehicle And Ship Armor Level 1  
  125  7:47  Thor  
  131  8:08  SCV x3  
  134  8:17  Command Center  
  134  8:23  Thor  
  134  8:24  Hellion x3  
  134  8:25  Hellion  
  148  8:51  Thor  
  148  8:52  Hellion x3  
  148  8:53  Hellion  
  162  8:57  Supply Depot x2  
  162  8:58  Supply Depot x2  
  162  8:59  Supply Depot  
  162  9:03  Factory x2  
  162  9:04  Factory  
  162  9:06  Thor, Factory  
  162  9:07  Factory x2  
  168  9:19  Neosteel Armor  
  168  9:32  Command Center  
  168  9:34  Thor  
  174  9:39  Hellion x3  
  174  9:40  Hellion  
  174  9:44  Planetary Fortress  
  182  9:46  Refinery  
  182  9:48  Refinery  
  182  9:51  SCV x4  
  186  9:59  Missile Turret  
  186  10:01  Refinery  
  186  10:03  SCV x3, Refinery  
  186  10:04  SCV  
  190  10:19  SCV x2  
  190  10:20  SCV  
  190  10:21  SCV  
  194  10:24  Thor  
  197  10:39  Factory Tech Lab x2, Factory Reactor x2  
  197  10:40  Factory Tech Lab x2  
  197  10:45  Factory  
  197  10:46  Factory  
  197  10:47  Factory  
  197  10:48  Factory x2  
  151  10:58  Thor x2, Command Center  
  151  10:59  Hi-Sec Auto Tracking, Hellion  
  151  11:00  Hellion x6  
  154  11:08  Hellion  
  154  11:10  Planetary Fortress  
  139  11:12  SCV x2  
  139  11:13  SCV  
  142  11:21  Thor, Hellion x3  
  154  11:36  Thor  
  154  11:37  Factory Reactor  
  154  11:38  Factory Reactor  
  154  11:39  Factory Tech Lab x3, Missile Turret  
  160  11:41  Thor  
  166  12:09  Refinery  
  166  12:10  Thor, Refinery  
  166  12:11  Thor x2  
  166  12:13  Hellion  
  166  12:14  Hellion  
  188  12:16  Hellion  
  188  12:17  Hellion x3  
  196  12:26  Hellion  
  196  12:27  Hellion  
  191  12:33  Planetary Fortress  
  187  12:39  Command Center  
  187  12:40  Thor x2  
  199  12:49  Terran Vehicle Weapons Level 3  
  199  12:51  Terran Vehicle And Ship Armor Level 2  
  199  13:07  SCV  
  200  13:19  Planetary Fortress  
  200  13:23  Refinery  
  200  13:26  SCV x4  
  179  13:28  Thor x3  
  179  13:30  Hellion x6  
  179  13:31  Hellion x2  
  179  13:33  Missile Turret, Hellion  
  189  13:38  SCV x4  
  179  13:41  Hellion  
  179  13:42  Hellion x3  
  187  13:50  SCV x4  
  187  13:54  Command Center  
  191  13:57  SCV  
  191  14:01  Refinery  
  191  14:02  SCV x2, Refinery  
  190  14:42  Thor x2  
  190  14:43  Thor  
  190  14:45  Thor  
  196  14:48  Hellion x2  
  196  14:49  Hellion  
  196  14:50  Hellion  
  196  14:51  Planetary Fortress  
  198  14:54  Thor  
  198  14:57  Thor  
  190  15:00  Thor  
  190  15:02  Missile Turret, Hellion x2  
  198  15:15  Command Center  
  180  15:31  Hellion  
  180  15:32  Hellion x6  
  180  15:33  Hellion x5  
  180  15:34  Hellion  
  194  15:53  Thor  
  194  15:54  Refinery x2  
  188  16:24  Thor x2  
  200  16:31  Command Center  
  186  16:46  Planetary Fortress  
  173  17:00  Thor x3  
  173  17:01  Thor, Hellion  
  195  17:02  Hellion  
  195  17:03  SCV  
  196  17:31  Missile Turret  
Show
View Real Time Build Order
Export as new Build Order

Cnidaria Protoss 

Build Orders: 1 Gate Expand 

Get SALT Encoding   

  12  0:01  Probe  
  14  0:14  Probe  
  14  0:18  Pylon  
  14  0:26  Probe  
  15  0:38  Probe (Chrono Boost)  
  16  0:43  Gateway  
  16  0:48  Probe (Chrono Boost)  
  17  0:53  Probe (Chrono Boost)  
  18  1:03  Assimilator  
  18  1:04  Probe (Chrono Boost)  
  18  1:07  Assimilator  
  19  1:14  Probe (Chrono Boost)  
  20  1:30  Probe  
  21  1:34  Nexus  
  21  1:45  Cybernetics Core  
  21  1:48  Probe  
  22  1:55  Pylon  
  22  2:00  Probe  
  23  2:13  Probe  
  24  2:19  Stalker (Chrono Boost)  
  26  2:24  Warp Gate  
  26  2:25  Probe  
  27  2:34  Robotics Facility  
  27  2:35  Gateway  
  27  2:37  Probe  
  27  2:42  Pylon  
  28  2:50  Stalker  
  30  2:56  Probe x2 (Chrono Boost)  
  32  3:09  Probe (Chrono Boost), Gateway  
  34  3:14  Pylon, Probe (Chrono Boost)  
  34  3:19  Probe (Chrono Boost)  
  34  3:21  Probe (Chrono Boost)  
  36  3:29  Probe  
  36  3:32  Observer  
  36  3:33  Probe (Chrono Boost)  
  37  3:43  Probe (Chrono Boost)  
  39  3:49  Probe (Chrono Boost)  
  39  3:53  Probe (Chrono Boost)  
  39  3:54  Observer  
  42  3:57  Probe (Chrono Boost)  
  42  4:01  Probe (Chrono Boost)  
  43  4:03  Probe (Chrono Boost)  
  43  4:08  Twilight Council  
  43  4:09  Nexus, Probe  
  45  4:10  Assimilator  
  45  4:11  Probe  
  45  4:13  Pylon  
  46  4:18  Pylon  
  46  4:26  Stalker  
  46  4:27  Stalker  
  46  4:30  Probe (Chrono Boost)  
  52  4:36  Probe (Chrono Boost)  
  52  4:38  Assimilator  
  52  4:40  Probe (Chrono Boost)  
  52  4:44  Probe (Chrono Boost)  
  54  4:54  Immortal  
  54  4:56  Probe x2  
  60  5:04  Pylon  
  60  5:08  Probe x2  
  60  5:10  Charge (Chrono Boost)  
  60  5:13  Robotics Facility  
  62  5:15  Gateway  
  62  5:17  Gateway  
  62  5:18  Pylon  
  62  5:20  Probe  
  63  5:25  Probe x2  
  65  5:32  Probe  
  66  5:36  Stalker  
  66  5:37  Stalker x2, Probe x2  
  74  5:45  Probe (Chrono Boost)  
  74  5:49  Probe (Chrono Boost)  
  77  5:53  Probe (Chrono Boost)  
  78  5:57  Probe (Chrono Boost)  
  78  5:59  Forge  
  78  6:00  Probe (Chrono Boost)  
  78  6:03  Probe (Chrono Boost), Forge  
  81  6:04  Probe (Chrono Boost)  
  81  6:05  Probe (Chrono Boost)  
  81  6:08  Gateway  
  82  6:15  Probe x2 (Chrono Boost)  
  85  6:19  Probe (Chrono Boost)  
  85  6:20  Assimilator  
  85  6:21  Assimilator  
  85  6:22  Pylon  
  85  6:23  Probe (Chrono Boost)  
  87  6:25  Probe (Chrono Boost)  
  87  6:27  Probe (Chrono Boost)  
  87  6:29  Gateway  
  87  6:30  Probe  
  87  6:32  Gateway  
  89  6:35  Probe  
  89  6:37  Probe  
  89  6:47  Probe  
  89  6:50  Stalker, Immortal (Chrono Boost)  
  89  6:51  Stalker x2  
  89  6:53  Immortal (Chrono Boost)  
  98  7:00  Probe x3  
  103  7:08  Protoss Ground Weapons Level 1 (Chrono Boost)  
  103  7:12  Probe x3  
  106  7:17  Nexus  
  106  7:20  Pylon, Protoss Ground Armor Level 1 (Chrono Boost)  
  106  7:23  Immortal  
  106  7:24  Probe x2 (Chrono Boost)  
  106  7:28  Probe (Chrono Boost)  
  113  7:36  Probe x2 (Chrono Boost)  
  116  7:39  Probe (Chrono Boost)  
  116  7:40  Probe (Chrono Boost)  
  117  7:48  Immortal (Chrono Boost)  
  121  7:51  Shield Battery  
  121  7:54  Photon Cannon  
  121  7:56  Shield Battery  
  121  7:59  Probe x3  
  121  8:01  Gateway  
  121  8:03  Observer (Chrono Boost), Gateway  
  125  8:23  Forge  
  125  8:28  Assimilator, Immortal (Chrono Boost)  
  125  8:30  Assimilator, Immortal (Chrono Boost)  
  125  8:32  Pylon  
  133  8:37  Nexus  
  133  8:40  Pylon, Robotics Facility  
  133  8:43  Assimilator, Gateway  
  133  8:45  Blink, Gateway  
  133  8:47  Gateway  
  133  8:48  Assimilator  
  133  8:55  Photon Cannon  
  133  8:57  Photon Cannon  
  133  8:59  Probe x4, Shield Battery  
  133  9:00  Pylon  
  137  9:06  Immortal x2 (Chrono Boost), Shield Battery  
  145  9:11  Probe x4  
  149  9:28  Pylon, Protoss Ground Armor Level 2 (Chrono Boost), Protoss Ground Weapons Level 2 (Chrono Boost)  
  149  9:34  Gateway  
  149  9:37  Gateway x2  
  149  9:38  Immortal x2  
  153  9:43  Protoss Shields Level 1 (Chrono Boost)  
  153  9:48  Immortal  
  161  9:57  Stalker x4  
  161  9:58  Stalker x2  
  173  10:00  Zealot x2  
  173  10:05  Templar Archives  
  177  10:17  Immortal  
  181  10:26  Zealot x2  
  181  10:27  Zealot x2  
  187  10:31  Observer  
  186  10:56  Immortal x2  
  172  10:57  Immortal  
  122  11:11  Zealot x4  
  122  11:12  Zealot x7  
  122  11:13  Stalker x4  
  148  11:29  Nexus  
  148  11:31  Pylon  
  148  11:34  High Templar x4, Assimilator  
  148  11:35  High Templar x7  
  148  11:36  High Templar x2, Immortal x3  
  148  11:39  Assimilator  
  186  11:42  Archon x2  
  186  11:43  Archon x4  
  186  11:53  Protoss Ground Weapons Level 3 (Chrono Boost)  
  186  11:54  Protoss Ground Armor Level 3 (Chrono Boost)  
  186  11:58  High Templar  
  186  11:59  Protoss Shields Level 2 (Chrono Boost)  
  186  12:00  Pylon  
  188  12:02  Pylon  
  188  12:12  Immortal (Chrono Boost)  
  192  12:15  Immortal (Chrono Boost)  
  200  12:25  Immortal (Chrono Boost)  
  197  12:43  Archon  
  197  12:56  Photon Cannon  
  197  13:00  Photon Cannon x2  
  197  13:03  Photon Cannon  
  197  13:05  Shield Battery  
  197  13:08  Shield Battery  
  197  13:09  Pylon  
  181  13:24  Immortal x3  
  181  13:26  Zealot x6  
  173  13:27  Zealot x6  
  173  13:28  Zealot x3  
  119  13:47  Zealot x6  
  119  13:48  Zealot x5  
  137  13:49  Zealot x5  
  137  13:53  Probe x2  
  151  14:01  Immortal (Chrono Boost)  
  151  14:02  Immortal (Chrono Boost)  
  151  14:03  Immortal (Chrono Boost)  
  151  14:08  Zealot x3  
  151  14:09  Zealot x3  
  175  14:11  Nexus  
  175  14:12  Pylon  
  175  14:14  Pylon  
  175  14:28  Stalker x3  
  175  14:29  Stalker x5  
  175  14:30  Stalker  
  193  14:33  Immortal  
  164  14:46  Stalker x2  
  164  14:47  Stalker x3  
  140  14:58  Zealot x4  
  140  14:59  Zealot x5  
  132  15:00  Zealot x2  
  126  15:11  Immortal (Chrono Boost)  
  124  15:18  Zealot x2  
  124  15:19  Zealot x4  
  143  15:21  Immortal x2 (Chrono Boost)  
  123  15:34  Zealot x2  
  123  15:35  Zealot x4  
  127  15:36  Zealot  
  117  15:46  Stalker x2  
  117  15:47  Stalker x4  
  117  15:48  Stalker  
  125  15:52  Immortal (Chrono Boost)  
  133  15:58  Immortal (Chrono Boost)  
  133  16:00  Immortal (Chrono Boost)  
  133  16:07  Pylon, Photon Cannon  
  133  16:10  Assimilator  
  133  16:11  Photon Cannon  
  133  16:12  Stalker  
  133  16:13  Stalker x3  
  139  16:39  Zealot  
  127  16:40  Zealot x7  
  127  16:41  Zealot x3  
  119  16:48  Immortal (Chrono Boost)  
  119  16:49  Immortal (Chrono Boost)  
  105  17:07  Immortal (Chrono Boost)  
  100  17:12  Nexus  
  96  17:20  Stalker  
  96  17:21  Stalker  
  92  17:28  Stalker x2  
Tags
 
Add a new tag
Caveats
  • Supply blocks, unpowered buildings, or Contaminate may cause inaccurate times.
  • Supply counts are checked every 10 seconds.